 Dungeon Crawl Stone Soup version 0.20.1-1-g8b1a95d (webtiles) character file.

767 Ashiichan the Magician (level 7, -2/45 HPs)
             Began as a Purple Draconian Wizard on Oct 10, 2017.
             Was a Follower of Hepliaklqana.
             Slain by a centaur
             ... wielding a cursed -1 shortbow
              (9 damage)
             ... on level 5 of the Dungeon.
             The game lasted 00:50:48 (6369 turns).

Ashiichan the Magician (Purple Draconian Wizard)    Turns: 6369, Time: 00:50:48

Health: -2/45      AC:  6    Str: 10    XL:     7   Next: 52%
Magic:  10/15      EV: 13    Int: 20    God:    Hepliaklqana [*.....]
Gold:   203        SH:  0    Dex:  9    Spells: 14/17 levels left

rFire    . . .     SeeInvis .   I - staff of earth
rCold    . . .     Gourm    .   (no shield)
rNeg     . . .     Faith    .   (armour unavailable)
rPois    .         Spirit   .   a - +0 hat
rElec    .         Reflect  .   (no cloak)
rCorr    +         Harm     .   (no gloves)
MR       +....                  (no boots)
Stlth    ++........             C - amulet of regeneration
Regen    0.6/turn               M - ring of resist corrosion
MPRegen  0.2/turn               (no ring)

@: no status effects
A: breathe power, unfitting armour, reduced essence, cold-blooded, AC +6
a: Breathe Dispelling Energy, Recall Ancestor, Ancestor Identity, Renounce
Religion


You were on level 5 of the Dungeon.
You worshipped Hepliaklqana.
Hepliaklqana was aware of your devotion.
You were not hungry.

You visited 2 branches of the dungeon, and saw 7 of its levels.

You collected 203 gold pieces.

Inventory:

Hand Weapons
 d - a +0 dagger
 f - a +0 whip
 k - a +0 club
 l - a cursed -3 spear
 n - a +0 short sword
 o - a +0 dagger
 t - a cursed -1 hand axe
 w - a +0 dagger
 z - a +0 blowgun
 F - a +0 short sword
 L - a cursed -3 dagger
 N - a +2 dagger of speed
 P - a +0 short sword
 S - a +0 falchion
 T - a +0 rapier
 V - a +0 vampiric trident
Missiles
 c - 118 stones (quivered)
 j - 72 sling bullets
 x - 8 poisoned needles
Armour
 a - a +0 hat (worn)
 i - a +0 robe
 p - a +0 chain mail
 q - a +0 leather armour
 v - a +0 helmet
 E - a +0 pair of boots
 Y - the +5 scale mail of Calculation {Str+3, unknown}
   (You found it on level 5 of the Dungeon)

   It affects your strength (+3).
Magical Staves
 I - an uncursed staff of earth (weapon)
Jewellery
 C - an amulet of regeneration (around neck)
 H - an uncursed amulet of faith {unknown}
 M - a ring of resist corrosion (left hand)
Wands
 R - a wand of digging (16/24)
Scrolls
 e - 2 scrolls of teleportation
 h - 7 scrolls of identify
 m - a scroll of immolation
 y - 2 scrolls of recharging
 B - 2 scrolls of remove curse
 D - a scroll of magic mapping {unknown}
 G - a scroll of noise
 J - a scroll of fog {unknown}
Potions
 r - a potion of magic {unknown}
 s - 4 potions of curing {unknown}
 A - a potion of heal wounds {unknown}
 K - a potion of lignification {unknown}
 O - a potion of cancellation {unknown}
 Q - 3 potions of flight {unknown}
 U - a potion of agility
 X - 2 potions of mutation {unknown}
 Z - 2 potions of haste {unknown}
Books
 b - a book of Minor Magic

   Spells                             Type                      Level
   a - Magic Dart                     Conjuration                  1
   b - Blink                          Translocation                2
   c - Call Imp                       Summoning                    2
   d - Slow                           Hexes                        2
   e - Conjure Flame                  Conjuration/Fire             3
   f - Mephitic Cloud                 Conjuration/Poison/Air       3
Comestibles
 g - a meat ration
 u - 2 fruits
 W - 2 bread rations


   Skills:
 - Level 2.2 Short Blades
 + Level 1.7 Staves
 + Level 3.9 Dodging
 + Level 3.8 Stealth
 - Level 0.6 Unarmed Combat
 + Level 5.8 Spellcasting
 + Level 3.6 Conjurations
   Level 1.0 Summonings
 - Level 1.0 Translocations


You had 14 spell levels left.
You knew the following spells:

 Your Spells              Type           Power        Failure   Level  Hunger
a - Magic Dart            Conj           ###.         2%          1    None
b - Blink                 Tloc           N/A          11%         2    None


Dungeon Overview and Level Annotations

Branches:
Dungeon (6/15)             Temple (1/1) D:4

Altars:
Dithmenos
Hepliaklqana
Sif Muna
Trog
Yredelemnul

Annotations:
D:6 Eustachio, Menkaure


Innate Abilities, Weirdness & Mutations

You can breathe bolts of dispelling energy.
Your rich purple scales are hard. (AC +6)
You cannot fit into any form of body armour.
You are cold-blooded and may be slowed by cold attacks.
Your life essence is reduced to manifest your ancestor. (-10% HP)


Message History

The black bear barely misses you. The black bear bites you.
The black bear misses you. The black bear claws you.
* * * LOW HITPOINT WARNING * * *
The jackal closely misses you. The black bear bites you.
* * * LOW HITPOINT WARNING * * *
The black bear claws you.
* * * LOW HITPOINT WARNING * * *
The black bear barely misses you.
There is a stone staircase leading up here.
You see here a jackal corpse.
The jackal barely misses you. The jackal bites you.
* * * LOW HITPOINT WARNING * * *
You climb upwards.
There is a stone staircase leading down here.
The jackal barely misses you. The jackal bites you.
* * * LOW HITPOINT WARNING * * *
The centaur hits you with an enchanted shortbow!
You die...

......## ......#
......# #### ......#
... ......# #c.
.###### #########
#R# .# #.....>.# #(#
'######
#....c..#######.#
......#
#...@h..##....co#
......#
#<.....((...###.#
......#
#...[..(....#######.
......#
#...........'....>..
#######
######).....########
#......# #..o...#
#......# #......#


You could see a centaur, an orc (wandering) and a jackal.

Vanquished Creatures
  An ogre (D:4)
  A jelly (D:5)
  2 orc priests (D:4)
  A hound (D:6)
  A bullfrog skeleton (D:3)
  Terence (D:2)
  Ijyb (D:3)
  2 gnolls (D:4)
  An adder (D:2)
  A shadow imp (D:5)
  2 oozes
  An adder zombie (D:5)
  2 worms (D:2)
  3 dart slugs
  4 leopard geckos
  7 orcs
  3 giant cockroaches
  4 hobgoblins
  2 jackals (D:6)
  A quokka (D:5)
  A ball python (D:1)
  6 bats
  5 frilled lizards
  7 goblins
  8 kobolds
  6 rats
74 creatures vanquished.

Vanquished Creatures (collateral kills)
  An ogre (D:5)
  A scorpion (D:4)
  A hound (D:4)
  An orc priest (D:5)
  An iguana (D:5)
  3 orc wizards
  2 howler monkey skeletons (D:5)
  A gnoll (D:4)
  An adder (D:4)
  A dart slug (D:2)
  6 orcs
  A giant cockroach (D:5)
  3 jackals
  2 bats (D:3)
  2 frilled lizards
27 creatures vanquished.

Vanquished Creatures (others)
  7 ancestors
  A kobold (D:3)
8 creatures vanquished.

Grand Total: 109 creatures vanquished

Notes
Turn   | Place    | Note
-------+----------+-------------------------------------------
     0 | D:1      | Ashiichan the Draconian Wizard began the quest for the Orb.
     0 | D:1      | Reached XP level 1. HP: 14/14 MP: 4/4
   843 | D:1      | Reached XP level 2. HP: 20/20 MP: 1/6
  1681 | D:2      | Noticed Terence
  1737 | D:1      | Learned a level 2 spell: Blink
  1839 | D:2      | Reached XP level 3. HP: 26/26 MP: 0/7
  2364 | D:3      | Reached skill level 1 in Short Blades
  2364 | D:3      | Reached XP level 4. HP: 9/33 MP: 1/9
  2807 | D:3      | Noticed a steam dragon
  2999 | D:2      | Found a deep blue altar of Sif Muna.
  2999 | D:2      | Found a hazy altar of Hepliaklqana.
  3687 | D:2      | Killed Terence
  3687 | D:2      | Reached XP level 5. HP: 17/38 MP: 10/10
  3738 | D:2      | Became a worshipper of Hepliaklqana the Forgotten
  3969 | D:3      | Noticed Ijyb
  3993 | D:3      | Killed Ijyb
  4125 | D:4      | Found a basalt altar of Yredelemnul.
  4145 | D:4      | Reached skill level 4 in Spellcasting
  4516 | D:4      | Noticed an ogre
  4657 | D:4      | Killed an ogre
  4657 | D:4      | Reached XP level 6. HP: 37/40 MP: 9/12
  5101 | D:4      | Found a staircase to the Ecumenical Temple.
  5130 | D:4      | Reached * piety under Hepliaklqana
  5634 | D:5      | Entered Level 5 of the Dungeon
  5663 | D:5      | Reached skill level 1 in Staves
  5679 | D:5      | Got a faintly humming scale mail
  5732 | D:5      | Your scales start taking on a rich purple colour.
  5732 | D:5      | Reached skill level 5 in Spellcasting
  5732 | D:5      | Reached XP level 7. HP: 45/45 MP: 15/15
  6162 | Temple   | Entered the Ecumenical Temple
  6301 | D:6      | Found a bloodstained altar of Trog.
  6333 | D:6      | Noticed Menkaure
  6343 | D:6      | Noticed Eustachio
  6369 | D:5      | Slain by a centaur

Skill      XL: |  1  2  3  4  5  6 |
---------------+-------------------+-----
Dodging        | 2 3 |  3.9
Stealth        | 2 3 |  3.8
Short Blades   | 1 2 |  2.2
Conjurations   | 2 3 |  3.6
Spellcasting   | 4 5 |  5.8
Staves         | 1 |  1.7
Unarmed Combat | |  0.6
Summonings     | |  1.0
Translocations | |  1.0

Action                   |  1- 3 |  4- 6 |  7- 9 || total
-------------------------+-------+-------+-------++-------
Melee: Unarmed           |    41 |       |       ||    41
       Tailslap          |    12 |    13 |       ||    25
       Short sword       |    30 |   126 |       ||   156
       Staff             |       |    21 |    31 ||    52
 Cast: Magic Dart        |    87 |   103 |    29 ||   219
       Blink             |       |     6 |       ||     6
  Use: Scroll            |     5 |       |       ||     5
       Potion            |     2 |       |       ||     2
 Stab: Sleeping          |       |     4 |       ||     4
  Eat: Bread ration      |     1 |     2 |       ||     3
       Fruit             |       |     2 |       ||     2
       Chunk             |       |     1 |       ||     1
       Meat ration       |       |     1 |       ||     1
       Royal jelly       |       |     1 |       ||     1
Armor: Skin              |    54 |    64 |    18 ||   136
Dodge: Dodged            |   109 |   104 |    47 ||   260
